 Dungeon Crawl Stone Soup version 0.19.5 (webtiles) character file.

196 tidbits the Skirmisher (level 5, 0/38 HPs)
             Began as a High Elf Wanderer on Oct 28, 2017.
             Was an Initiate of Okawaru.
             Succumbed to a worker ant's poison
             ... on level 4 of the Dungeon.
             The game lasted 00:08:41 (906 turns).

tidbits the Skirmisher (High Elf Wanderer)           Turns: 906, Time: 00:08:41

Health: 0/38       AC:  7    Str: 12    XL:     5   Next: 46%
Magic:  6/6        EV: 10    Int: 20    God:    Okawaru [......]
Gold:   111        SH:  0    Dex: 15    Spells: 0 memorised, 4 levels left

rFire  . . .     SeeInvis .     a - +0 long sword
rCold  . . .     Gourm    .     B - +0 scale mail
rNeg   . . .     Faith    +     (no shield)
rPois  .         Spirit   .     (no helmet)
rElec  .         Reflect  .     (no cloak)
rCorr  .         Harm     .     (no gloves)
MR     .....                    F - +0 pair of boots
Stlth  +.........               k - amulet of faith
                                (no ring)
                                (no ring)

@: brilliant, lethally poisoned (0 -> -12), very slightly contaminated, hasted,
very quick
A: no striking features
a: Renounce Religion


You were on level 4 of the Dungeon.
You worshipped Okawaru.
Okawaru was noncommittal.
You were not hungry.

You visited 1 branch of the dungeon, and saw 5 of its levels.

You collected 111 gold pieces.

Inventory:

Hand Weapons
 a - a +0 long sword (weapon)
   (You found it on level 4 of the Dungeon)
 b - a +0 hunting sling
   (You found it on level 1 of the Dungeon)
 e - a +0 dagger
 j - a +0 short sword
   (You took it off a kobold on level 1 of the Dungeon)
 q - a +2 spear
Missiles
 i - 27 bolts
 m - 53 stones (quivered)
Armour
 d - a +0 robe
 g - a +0 leather armour
   (You found it on level 1 of the Dungeon)
 B - a +0 scale mail (worn)
   (You found it on level 3 of the Dungeon)
 F - a +0 pair of boots (worn)
   (You found it on level 2 of the Dungeon)
Jewellery
 k - an amulet of faith (around neck)
   (You found it on level 1 of the Dungeon)
 n - an uncursed ring of fire
   (You found it on level 1 of the Dungeon)
Wands
 c - a wand of random effects (0/48)
 t - a wand of digging (14/24)
   (You found it on level 4 of the Dungeon)
Scrolls
 h - a scroll of amnesia {unknown}
 r - 3 scrolls of remove curse
 s - a scroll of identify {unknown}
 u - a scroll of immolation {unknown}
Comestibles
 f - 2 bread rations


   Skills:
 - Level 4.7 Fighting
 + Level 4.5 Long Blades
 - Level 1.5 Polearms
 - Level 2.9 Dodging
 - Level 2.1 Stealth
 - Level 1.0 Evocations


You had 4 spell levels left.
You didn't know any spells.

Dungeon Overview and Level Annotations

Branches:
Dungeon (5/15)
 Temple: D:4-7

Altars:
Okawaru

Annotations:
D:2 Sigmund
D:4 Robin


Message History

The bolt of lightning hits something.
The bolt of lightning hits the hound.
You kill the hound!
Okawaru accepts your kill.
Your Long Blades skill increases to level 3!
You have reached level 5!
The bolt of lightning hits the goblin.
You kill the goblin!
Okawaru accepts your kill.
The bolt of lightning hits the orc.
The orc is severely wounded.
The bolt of lightning misses the orc.
This wand has 3 charges left.
You hear an angry hiss.
Something bites you.
* * * LOW HITPOINT WARNING * * *
Something bites you but does no damage.
Unknown command.
Evoke which item? (* to show all) (? for menu, Esc to quit)
Zapping:
c - a wand of random effects (3/48)
Press: ? - help, Shift-Dir - straight line, f - goblin
Aim: a goblin Nothing appears to happen.
This wand has 2 charges left.
Something bites you.
* * * LOW HITPOINT WARNING * * *
Unknown command.
Evoke which item? (* to show all) (? for menu, Esc to quit)
Zapping:
c - a wand of random effects (2/48)
Press: ? - help, Shift-Dir - straight line, f - goblin
Aim: a goblin Nothing appears to happen.
This wand has 1 charge left.
Something bites you.
* * * LOW HITPOINT WARNING * * *
You feel better. Something bites you.
* * * LOW HITPOINT WARNING * * *
Evoke which item? (* to show all) (? for menu, Esc to quit)
Zapping:
c - a wand of random effects (1/48)
Press: ? - help, Shift-Dir - straight line, f - goblin
Aim: a goblin Nothing appears to happen.
This wand has 0 charges left.
Something bites you but does no damage.
Evoke which item? (* to show all) (? for menu, Esc to quit)
Okay, then.
Unknown command.
It was a potion of haste.
You feel yourself speed up. Something bites you but does no damage.
You are very lightly contaminated with residual magic.
You miss something. You barely miss something.
Something bites you but does no damage.
You closely miss something. Something bites you but does no damage.
You slash something! Something bites you.
* * * LOW HITPOINT WARNING * * *
You slash something! Okawaru accepts your kill.
Your Long Blades skill increases to level 4!
You feel a bit more experienced.
You closely miss the goblin. The goblin hits you but does no damage.
You barely miss the goblin. The goblin hits you but does no damage.
You hit the goblin.
The goblin is moderately wounded.
You slash the goblin!
You kill the goblin!
Okawaru accepts your kill.
You hit the goblin.
You kill the goblin!
Okawaru accepts your kill.
You completely miss the worker ant. You closely miss the worker ant.
The worker ant bites you but does no damage.
You hit the worker ant.
The worker ant is moderately wounded.
The worker ant bites you but does no damage.
You hit the worker ant but do no damage.
The worker ant is moderately wounded.
The worker ant bites you but does no damage.
You barely miss the worker ant.
The worker ant is moderately wounded.
The worker ant bites you.
* * * LOW HITPOINT WARNING * * *
You are poisoned.
The worker ant poisons you!
You hit the worker ant but do no damage.
The worker ant is moderately wounded.
* * * LOW HITPOINT WARNING * * *
You feel sick.
The worker ant bites you but does no damage.
It was a potion of brilliance.
You feel clever all of a sudden.
You hit the worker ant.
The worker ant is heavily wounded.
* * * LOW HITPOINT WARNING * * *
You feel sick. The worker ant closely misses you.
You riposte.
You hit the worker ant.
The worker ant is severely wounded.
You hit the worker ant but do no damage.
The worker ant is severely wounded.
The worker ant bites you.
* * * LOW HITPOINT WARNING * * *
You are more poisoned.
The worker ant poisons you!
You hit the worker ant.
You kill the worker ant!
Okawaru accepts your kill.
You die...

##..g.#.# #..oog.. #
#...g### ##
###########'#### .##
#............... ..##
#............... ...#
#..............( ...###
#.#.#####og.............
.......
....)..@†oog............
(.#####
#.#.#####gr.............
..# #.........###### ###
###########


You could see 3 orcs, a quokka, 2 hobgoblins and a goblin.

Vanquished Creatures
  3 hounds (D:4)
  An orc wizard (D:4)
  A worker ant (D:4)
  An ooze (D:3)
  A worm (D:2)
  2 dart slugs
  3 orcs (D:4)
  A ball python (D:3)
  3 bats
  2 giant cockroaches
  6 hobgoblins
  4 jackals (D:2)
  2 quokkas
  2 frilled lizards (D:2)
  6 goblins
  4 kobolds
  3 rats
45 creatures vanquished.

Notes
Turn   | Place    | Note
-------+----------+-------------------------------------------
     0 | D:1      | tidbits the High Elf Wanderer began the quest for the Orb.
     0 | D:1      | tidbits set off with: a +2 spear, a potion of curing, a wand of random effects (15/48), a +0 robe, a +0 dagger, a bread ration
     0 | D:1      | Reached XP level 1. HP: 17/17 MP: 2/2
    81 | D:1      | Reached skill level 1 in Dodging
   137 | D:2      | Noticed Sigmund
   170 | D:1      | Reached XP level 2. HP: 22/22 MP: 3/3
   367 | D:2      | Reached skill level 2 in Dodging
   467 | D:2      | Reached XP level 3. HP: 12/27 MP: 4/4
   648 | D:4      | Reached XP level 4. HP: 11/34 MP: 5/5
   767 | D:4      | Reached skill level 2 in Long Blades
   817 | D:5      | Entered Level 5 of the Dungeon
   838 | D:4      | Noticed Robin
   842 | D:4      | Found an iron altar of Okawaru.
   853 | D:4      | Became a worshipper of Warmaster Okawaru
   881 | D:4      | Reached skill level 3 in Long Blades
   881 | D:4      | Reached XP level 5. HP: 12/38 MP: 6/6
   891 | D:4      | Reached skill level 4 in Long Blades
   905 | D:4      | HP: 1/38 [worker ant (5)]
   906 | D:4      | Succumbed to a worker ant's poison

Skill      XL: |  1  2  3  4  5 |
---------------+----------------+-----
Dodging        | 1 2 |  2.9
Long Blades    | 3 4 |  4.5
Fighting       | |  4.7
Polearms       | |  1.5
Stealth        | |  2.1
Evocations     | |  1.0

Action                   |  1- 3 |  4- 6 || total
-------------------------+-------+-------++-------
Melee: Spear             |    88 |       ||    88
       Long sword        |       |    53 ||    53
 Fire: Hunting sling     |     5 |     3 ||     8
Evoke: Wand              |     2 |    13 ||    15
  Use: Scroll            |     1 |       ||     1
       Potion            |       |     5 ||     5
 Stab: Sleeping          |     2 |       ||     2
Armor: Leather armour    |     6 |       ||     6
       Scale mail        |     1 |    56 ||    57
Dodge: Dodged            |    44 |    45 ||    89
       Rpst.: Long sword |       |    16 ||    16

Table legend:
 A = Turns spent in this place as a percentage of turns spent in the entire game.
 B = Non-inter-level travel turns spent in this place as a percentage of non-inter-level travel turns spent in the entire game.
 C = Inter-level travel turns spent in this place as a percentage of turns spent in this place.
 D = Turns resting spent in this place as a percentage of non-inter-level travel turns spent in this place.
 E = Turns spent auto-exploring this place as a percentage of non-inter-level travel turns spent in this place.
 F = Non-inter-level travel turns spent in this place divided by the number of levels of this place that you've seen.
                   A       B       C       D       E      F
               +-------+-------+-------+-------+-------+----------------------
         Total | 100.0 | 100.0 |   0.0 |   0.0 |   0.0 | 171.0
       Dungeon | 100.0 | 100.0 |   0.0 |   0.0 |   0.0 | 171.0
               +-------+-------+-------+-------+-------+----------------------

Table legend:
 A = Kills in this place as a percentage of kills in entire the game.
 B = Kills by you in this place as a percentage of kills by you in the entire game.
 C = Kills by friends in this place as a percentage of kills by friends in the entire game.
 D = Other kills in this place as a percentage of other kills in the entire game.
 E = Experience gained in this place as a percentage of experience gained in the entire game.
 F = Experience gained in this place divided by the number of levels of this place that you have seen.
                   A       B       C       D       E      F
               +-------+-------+-------+-------+-------+----------------------
         Total | 100.0 | 100.0 |  -nan |  -nan | 100.0 |  56.2
       Dungeon | 100.0 | 100.0 |  -nan |  -nan | 100.0 |  56.2
               +-------+-------+-------+-------+-------+----------------------

Vault maps used:
D:1:      sevenhm_arrival_forest_fort_small_6, fountainhead
D:2:      lemuel_upstairs_altar, chequers_temple_overflow_minitemple,
          uniq_sigmund
D:3:      lemuel_coloured_pillars_altar, first_bread
D:4:      kennysheep_mini, okawaru_trees_1, grunt_temple_overflow_open,
          tgw_trog, uniq_robin
D:5:      serial_shops, shop
